 Dungeon Crawl Stone Soup version 0.32-a0-656-g3542139ebd (webtiles) character file.

Game seed: 13749656804895920770

30 BubbleThief the Shooter (level 3, 0/27 HPs)
             Began as a Coglin Hunter on Mar 8, 2024.
             Slain by a gnoll
             ... wielding a +0 spear
              (3 damage)
             ... on level 2 of the Dungeon.
             The game lasted 00:01:13 (777 turns).

BubbleThief the Shooter (Coglin Hunter)              Turns: 777, Time: 00:01:14

Health: 0/27       AC:  3    Str: 11    XL:     3   Next: 18%
Magic:  3/3        EV: 12    Int:  8    God:
Gold:   66         SH:  0    Dex: 19    Spells: 2/2 levels left

rFire   . . .        a - +2 sling {Cihuaton}
rCold   . . .        d - +0 sling {Eadwine}
rNeg    . . .        c - +0 leather armour
rPois   .            (no helmet)
rElec   .            (no cloak)
rCorr   .            (no gloves)
SInv    .            (no boots)
Will    .....        (amulet unavailable)
Stlth   ++           (ring unavailable)
HPRegen 0.24/turn    (ring unavailable)
MPRegen 0.08/turn    (no gizmo)

%: no passive effects
@: revved
A: off-hand wielding, slow wielding, warmup strikes, no jewellery
a: Invent Gizmo


You were on level 2 of the Dungeon.
You visited 1 branch of the dungeon, and saw 2 of its levels.

You collected 66 gold pieces.

Inventory:

Hand Weapons
 a - a +2 sling (weapon) {Cihuaton}
 d - a +0 sling (offhand) {Eadwine}
Armour
 c - a +0 leather armour (worn)
 m - a +0 robe of positive energy
Scrolls
 b - a scroll of butterflies
 g - a scroll of vulnerability {unknown}
 h - a scroll of immolation {unknown}
 i - 2 scrolls of teleportation {unknown}
 k - a scroll of identify {unknown}
Potions
 e - 2 potions of haste {unknown}
 f - 2 potions of might {unknown}
 j - a potion of curing {unknown}
 l - 2 potions of enlightenment {unknown}


   Skills:
 - Level 2.0 Fighting
 * Level 4.5 Ranged Weapons
 - Level 1.7 Dodging
 - Level 0.7 Stealth


You had 2 spell levels left.
You didn't know any spells.
Your spell library was empty.

Dungeon Overview and Level Annotations

Branches:
Dungeon (2/15)

Altars:


Innate Abilities, Weirdness & Mutations

You can wield a second weapon in your off-hand.
It takes a long time for you to wield or remove held weapons.
Your first few attacks do less damage.
You cannot equip rings or amulets.


Message History

The gnoll is moderately wounded.
You shoot a sling bullet.
The sling bullet completely misses the gnoll.
The sling bullet hits the gnoll.
The gnoll is moderately wounded.
The gnoll barely misses you. The gnoll closely misses you.
You shoot a sling bullet.
The sling bullet barely misses the gnoll.
The sling bullet hits the gnoll.
The gnoll is heavily wounded.
You shoot a sling bullet. The sling bullet hits the gnoll!
The gnoll is almost dead.
The gnoll hits you from afar with a +0 spear!
You are too injured to fight recklessly!
Fire: a) +2 sling {Cihuaton}
Press: ? - help, Shift-Dir - straight line, f/p - gnoll
Aim: a gnoll, wielding a +0 club (almost dead, 66% to hit)
You shoot a sling bullet. The sling bullet hits the gnoll!
You kill the gnoll!
You shoot a sling bullet. The gnoll misses you.
The gnoll hits you but does no damage. The gnoll misses you.
The gnoll hits you from afar with a +0 spear.
* * * LOW HITPOINT WARNING * * *
You have reached level 3!
Your experience leads to an increase in your attributes!
Increase (S)trength, (I)ntelligence, or (D)exterity?
You feel agile. x2
Your brain swirls with designs for a megaramjet NW-00.
You just need some more time...
Unknown command.
Fire: a) +2 sling {Cihuaton}
Press: ? - help, Q - select action Shift-Dir - straight line, f - gnoll
Aim: a gnoll, wielding a +0 spear and quivering a throwing net (moderately wounded, 68% to hit)
You shoot a sling bullet. The sling bullet hits the gnoll.
The gnoll is severely wounded.
You shoot a sling bullet.
The sling bullet closely misses the gnoll.
The sling bullet hits the gnoll.
The gnoll is heavily wounded.
The gnoll hits you from afar with a +0 spear.
You die...

..#.##.#.........#.......#.......
#.#.##.#####.###.#########.######
....##.# #.###'#...... ...
.....#.# #.#.......# ##.#
###....# #.#.......### #.# ..#...
..#.......... ..# ####
###.......### ## #.......+
#..@)...# ###g###+### #)g......
#........ #........ #..........
.g........... ######........
.........


You could see 2 gnolls.

Vanquished Creatures
  2 gnolls (D:2)
  3 endoplasms
  A giant cockroach (D:2)
  A kobold (D:1)
  2 ball pythons (D:1)
  4 rats
13 creatures vanquished.

Notes
Turn   | Place    | Note
-------+----------+-------------------------------------------
     0 | D:1      | BubbleThief the Coglin Hunter began the quest for the Orb.
     0 | D:1      | Reached XP level 1. HP: 16/16 MP: 1/1
   146 | D:1      | Found a faded altar of an unknown god.
   349 | D:1      | Reached skill level 4 in Ranged Weapons
   349 | D:1      | Reached XP level 2. HP: 22/22 MP: 2/2
   777 | D:2      | Reached XP level 3. HP: 3/27 MP: 3/3
   777 | D:2      | Slain by a gnoll

Illustrated notes

Levels and vault maps discovered:
D:1:      wander_arrival_estate, layout_basic, ebering_ecumenical_altar_rust,
          reono_crystal_passage, minmay_misc_feat_columns
D:2:      layout_basic

Skill      XL: |  1 |
---------------+----+-----
Ranged Weapons | 4 |  4.5
Fighting       | |  2.0
Dodging        | |  1.7
Stealth        | |  0.7

Action                     || total
---------------------------++-------
   Fire: Sling             ||    44
 Armour: Leather armour    ||     9
  Dodge: Dodged            ||     7

Table legend: (Time is in decaauts)
 A = Elapsed time spent in this place.
 B = Non-inter-level travel time spent in this place.
 C = Inter-level travel time spent in this place.
 D = Time resting spent in this place.
 E = Time spent auto-exploring this place.
 F = Levels seen in this place.
 G = Mean time per level.
                   A        B        C        D        E       F      G
               +--------+--------+--------+--------+--------+-----+--------+
         Total |    781 |    730 |     51 |      0 |    656 |   2 |  390.5 |
       Dungeon |    781 |    730 |     51 |      0 |    656 |   2 |  390.5 |
               +--------+--------+--------+--------+--------+-----+--------+

Top non-repeatable levels by time:
     D:1: 615 daAuts
     D:2: 166 daAuts
